[Event "EU-ch 12th"]
[Site "Aix les Bains"]
[Date "2011.03.25"]
[Round "4"]
[White "Azarov, Sergei Nikolaevich"]
[Black "Wojtaszek, Radoslaw"]
[Result "1/2-1/2"]
[ECO "B92"]
[WhiteElo "2615"]
[BlackElo "2711"]
[Annotator "Marchand,A/Primel,D"]
[PlyCount "53"]
[EventDate "2011.03.22"]
[EventType "swiss"]
[EventRounds "11"]
[EventCountry "FRA"]
[SourceTitle "CBM 142 Extra"]
[Source "ChessBase"]
[SourceDate "2011.06.27"]
[SourceVersion "1"]
[SourceVersionDate "2011.06.27"]
[SourceQuality "1"]
[TimeControl "40/5400+30:1800+30"]

1. e4 c5 2. Nf3 d6 3. d4 cxd4 4. Nxd4 Nf6 5. Nc3 a6 6. Be2 e5 7. Nb3 Be7 (7...
Be6 8. O-O Nbd7 9. Be3 Be7 10. f3 Nb6 11. Bf2 Qc7 12. a4 Nc4 13. Bxc4 Bxc4 14.
Re1 O-O 15. Nd2 Be6 (15... b5 16. axb5 axb5 17. Rxa8 Rxa8 18. b3 Bxb3 19. Nxb5
Qa5 $11 {Smyslov}) 16. Nf1) 8. O-O O-O 9. Kh1 Nc6 10. f3 ({RR} 10. Be3 Be6 11.
Qd2 a5 12. Rfd1 a4 13. Nc1 Ra5 14. Bf3 a3 15. b3 Qc7 16. Nd3 Rc8 17. Rac1 h6
18. h3 Nd4 19. Bxd4 exd4 20. Ne2 d5 21. e5 Ne4 22. Qe1 Nc3 23. Nxc3 Qxc3 24.
Bg4 Qxe1+ {Anand,V (2774)-Polgar,J (2718)/Mainz 2003/CBM 097/1-0 (55)}) 10...
a5 ({RR} 10... b5 11. Be3 Na5 12. Nxa5 Qxa5 13. Qd2 Kh8 14. b4 Qa3 15. Rfb1 Be6
16. Qe1 Rfc8 17. Bd2 Bd8 18. Bd3 Rc6 19. Rb3 Bxb3 20. axb3 Qxb4 21. Nxb5 {
[%emt 0:00:02] 1-0 Azarov,S (2601) -Wojtaszek,R (2726) /Czechia 2010/Mega2011
Update}) 11. Bb5 Na7 $146 ({RR} 11... Be6 12. Qe2 Qc7 13. Be3 Nb4 14. a3 a4 15.
Nc1 Nc6 16. Nxa4 Nd4 17. Bxd4 exd4 18. c4 Bxc4 19. Bxc4 Rxa4 20. Bb3 Raa8 21.
Nd3 Qb6 22. Nb4 Nd7 23. Nd5 Qxb3 24. Nxe7+ Kh8 25. Rad1 Ra4 26. Nf5 {Jakovenko,
D (2662)-Amonatov,F (2564)/ Moscow 2006/CBM 111 ext/ 1-0 (32)}) 12. Bd3 Nc6 13.
Be3 Be6 (13... a4 $132) 14. Bb5 Na7 $11 15. Be2 Nc6 16. Nd5 a4 $1 17. Nc1 Bxd5
18. exd5 Nd4 $1 19. Bxd4 exd4 20. Qxd4 Qa5 21. Rd1 (21. c4) 21... Nd7 22. Rb1 Bf6 $44 23. Qf2 Rfc8 (23... Rac8 {Un plan plus naturel}
24. Bd3 Rfe8) 24. Bd3 a3 (24... Nc5 25. Bf5) 25. b3 g6 26. c4 Qb4 {31"} 27. Bf1
{41" Les deux adversaires avaient joué rapidement la partie.} 1/2-1/2

[Event "Belgrade RAD 30"]
[Site "Belgrade"]
[Date "1977.01.15"]
[Round "1.6"]
[White "Ostojic, Predrag"]
[Black "Bukic, Enver"]
[Result "1/2-1/2"]
[ECO "B92"]
[WhiteElo "2480"]
[BlackElo "2480"]
[Annotator "Primel,D"]
[PlyCount "69"]
[EventDate "1977.01.15"]
[EventType "tourn"]
[EventRounds "13"]
[EventCountry "SRB"]
[EventCategory "9"]
[SourceTitle "EXT 2018"]
[Source "ChessBase"]
[SourceDate "2017.10.13"]
[SourceVersion "1"]
[SourceVersionDate "2017.10.13"]
[SourceQuality "1"]
[TimeControl "40/9000:16/5400:0"]

1. e4 c5 2. Nf3 d6 3. d4 cxd4 4. Nxd4 Nf6 5. Nc3 a6 6. Be2 e5 (6... e6) 7. Nb3
Be7 8. a4 (8. O-O) (8. Be3) 8... O-O 9. O-O Nc6 10. Kh1 Nb4 (10... Be6 11. f4 exf4 12. Bxf4 d5 $5) 11. f4 b6 (11... Be6 12. f5
Bd7 13. Bg5 Bc6 14. Bxf6 Bxf6 15. Bc4 Rc8 16. Qe2 Qc7 17. Rfd1 Rfd8 18. Nd2
Nxc2 19. Rac1 Nd4 20. Qg4 Qe7 21. Nf3 b5 22. axb5 axb5 23. Nd5 Bxd5 24. Bxd5
Nc2 25. h4 Ne3 26. Qh5 {Beliavsky,A (2450)-Tal,M (2660) Moscow 1973 0-1 (43)})
12. Bd2 $146 {[%cal Gd2b4] Une nouveauté pas très convaincante car le Bd2
est trés passif} (12. Be3 Bb7 13. Bd3 Qc7 14. Qe2 Rfe8 15. Rae1 d5 16. fxe5
dxe4 17. exf6 exd3 18. Qg4 Bf8 19. Bh6 Rxe1 20. Rxe1 Qc8 21. Qg5 g6 22. Bxf8
Qxf8 23. Re7 Rb8 24. cxd3 Nxd3 25. Nd4 h6 26. Qg3 Nb4 {Rantanen,Y-Sznapik,A
Helsinki 1975 1-0 (33)}) (12. Bf3 Be6 13. Rf2 Rc8 14. Be3 Qc7 15. Rd2 Rfe8 16.
Nc1 exf4 17. Bxf4 Nd7 18. Rxd6 Nc5 19. Rxe6 Qxf4 20. Rxb6 Rcd8 21. Nd5 Nxe4 22.
Bxe4 {1/2-1/2 (22) Semeniuk,A-Rashkovsky,N (2485) Soviet Union 1976}) 12... Bb7
13. Bf3 Rc8 $11 14. Rc1 Re8 15. Qe1 Bf8 (15... d5 $5 {Les pièces
Noires sont bien placées} 16. fxe5 dxe4 17. Nxe4 Nxe4 18. Bxe4 Bxe4 19. Qxe4
Qd5 20. Qxd5 Nxd5 $44) 16. fxe5 dxe5 17. Bg5 Be7 18. Qf2 Rxc3 $1 19. bxc3 Na2 20. Bxf6 (20. Rcd1) 20... Bxf6 21. Ra1 Nxc3 22. Qe3 Qc7
23. a5 bxa5 24. Nxa5 Bc8 25. h3 h6 26. Bh5 Be6 (26... Bg5 ) 27. Nb3 Bg5 $44 28. Qc5 Rc8 29. Qxc7 Rxc7 30. Bf3
Bc4 31. Rfe1 Bh4 32. Re3 Bb5 33. Kg1 Bg5 34. Ree1 Bh4 35. Re3 1/2-1/2

[Event "Sautron op 13th"]
[Site "Sautron"]
[Date "2013.11.02"]
[Round "9"]
[White "Riff, Jean Noel"]
[Black "Roiz, Michael"]
[Result "0-1"]
[ECO "B92"]
[WhiteElo "2445"]
[BlackElo "2614"]
[Annotator "RR"]
[PlyCount "62"]
[EventDate "2013.10.26"]
[EventType "swiss"]
[EventRounds "9"]
[EventCountry "FRA"]
[SourceTitle "EXT 2014"]
[Source "ChessBase"]
[SourceDate "2013.11.20"]
[SourceVersion "1"]
[SourceVersionDate "2013.11.20"]
[SourceQuality "1"]
[TimeControl "40/5400+30:1800+30"]
[WhiteClock "1:30:00"]
[BlackClock "1:30:00"]

1. e4 c5 2. Nf3 d6 3. d4 cxd4 4. Nxd4 Nf6 5. Nc3 a6 6. Be2 e5 (6... e6) 7. Nb3 (7. Nf3)
7... Be7 8. O-O O-O 9. Kh1 Bd7 {[%emt 0:03:05][%cal Gd7c6,Gb8d7] Après quelques minutes
de réflexion, l'israélien choisit une ligne secondaire.} (9... b6 10. Be3 Bb7
11. f3 b5 12. a4 b4 13. Nd5 Nxd5 14. exd5 Nd7 15. c3 bxc3 16. bxc3 Bg5 17. Bf2
Qc7 18. c4 Rab8 19. Bd3 Ba8 20. Qc2 g6 21. Rfd1 Rb4 22. Be1 Rbb8 23. Bf2 Rb4
24. Be1 Rbb8 25. Bf2 {1/2-1/2 (25) Jakovenko,D (2736)-Khismatullin,D (2664)
Tyumen 2012}) (9... Be6) 10. f4 {[%emt 0:05:53] Le français qui jouait à
tempo prend quelques minutes pour choisir un plan} Bc6 11. Bf3 Nbd7 (11... Qc7) 12. Qe2 $6 $146 (12. Qe1 Re8 $1 13. g4 (13. f5 b5) 13... exf4 14. Bxf4 Bf8 15. Qg3 Nxe4 16. Nxe4 Bxe4 17. Bxe4 Rxe4 18. Rad1
Qe8 19. Qf3 Nc5 20. Nd4 d5 21. Nf5 Rd8 22. Be3 Qe6 23. b3 Re8 24. Bg1 Nd7 25.
Qd3 g6 26. Qxd5 Qxd5 27. Rxd5 Nf6 28. Nh6+ Bxh6 29. Rxf6 Rxg4 30. Rf1 Rge4 31.
c4 Be3 32. Rd7 Bxg1 33. Kxg1 R8e7 34. Rxe7 Rxe7 35. Rd1 f5 36. Rd6 Kf7 37. Kf2
Ke8 38. h4 Rd7 39. Rb6 Kd8 40. Ke3 Re7+ 41. Kf3 Rf7 {Mortensen,E (2510)
-Zagorskis,D (2515) Roskilde 1998 1/2-1/2}) (12. a4 b5 $11 {Rudolf,A (2273)
-Restas,P (2263) HUN-chT 0708 2007 (8) 1/2}) (12. Be3 $142 Rc8 13. a4 (13. f5)
13... Qc7 14. Qe1 b6 15. Qg3 {Komsic,D (2350)-Gutman,L (2475) Oberliga Ost B
9798 1997 [1] 0-1}) 12... b5 13. Rd1 $6 {[%emt 0:
00:22][%csl Ra1] Joué à tempo pour éviter l'enfilade Bb5 après Nd5 mais ce
plan ne parait pas conforme à l'esprit de la position et les pièces de
l'aile-dame seront en retard de développement.} (13. a4 $5 b4 14. Nd5 {
Semble plus simple}) 13... b4 14. Nd5 Nxd5 15. exd5 Bb5 $132 16. Qe1 a5 17. fxe5 Nxe5 $15 {
[%emt 0:09:13][%csl Rc2,Ge5][%cal Ge5f3,Ga5a4] L'ouverture des Blancs a mal
tourné et ils doivent maintenant se battre pour l'égalité} 18. Nd4 Nxf3 19. gxf3 (19. Nxf3 Re8 (19...
Bf6)) 19... Bd7 20. a3 Bf6 21. Bf4 Qb6 $1 $17 22. Qg1
{[%emt 0:04:35][%csl Rg1] Quelle poubelle!} Qc5 23.
axb4 axb4 24. Rxa8 Rxa8 25. Nc6 $2 Qxc2 26. Nxb4 Qb3 $19 27. Nd3 Bb5 28. Ra1 Rxa1 29. Qxa1 h6 30. Ne1 Qc4 31. Ng2 Qxd5 0-1